 Dungeon Crawl Stone Soup version 0.30-a0-782-ge64f9170bb (webtiles) character file.

Game seed: 13942155795534338931

744 holysushi the Skirmisher (level 7, -2/45 HPs)
             Began as an Octopode Hunter on Feb 19, 2023.
             Was an Elder of Zin.
             Splashed by a jelly's acid (5 damage)
             ... on level 5 of the Dungeon.
             The game lasted 00:08:51 (5211 turns).

holysushi the Skirmisher (Octopode Hunter)          Turns: 5211, Time: 00:08:52

Health: -2/45      AC: -3    Str: 16    XL:     7   Next: 76%
Magic:  9/9        EV: 13    Int: 11    God:    Zin [****..]
Gold:   227        SH:  0    Dex: 18    Spells: 6/6 levels left

rFire   . . .      SeeInvis .    a - +0 shortbow
rCold   . . .      Faith    .    (shield currently unavailable)
rNeg    . . .      Spirit   .    (helmet restricted)
rPois   .          Reflect  .    n - amulet of magic regeneration
rElec   .          Harm     .    r - +4 ring of protection
rCorr   .          Rampage  .    k - +6 ring of strength
Will    .....                    (no ring)
Stlth   +++                      (no ring)
HPRegen 0.27/turn                (no ring)
MPRegen 0.51/turn                (no ring)
                                 (no ring)
                                 (no ring)

@: corroded, on recite cooldown
A: almost no armour, amphibious, 8 rings, camouflage 1, gelatinous body 1,
(nimble swimmer 1), tentacles
a: Renounce Religion, Recite, Vitalisation, Imprison, Donate Gold


You were on level 5 of the Dungeon.
You worshipped Zin.
Zin was greatly pleased with you.
You visited 1 branch of the dungeon, and saw 5 of its levels.

You collected 252 gold pieces.
You donated 25 gold pieces to Zin.

Inventory:

Hand Weapons
 a - a +0 shortbow (weapon)
Jewellery
 k - a +6 ring of strength (right tentacle)
 n - an amulet of magic regeneration (around mantle)
 r - a +4 ring of protection (left tentacle)
Wands
 i - a wand of digging (1)
Scrolls
 b - 2 scrolls of immolation
 f - a scroll of teleportation
 g - a scroll of identify
 l - a scroll of amnesia
Potions
 c - a potion of curing
 d - a potion of degeneration {unknown}
 e - 2 potions of resistance {unknown}
 h - a potion of might {unknown}
 j - 2 potions of lignification
 m - a potion of brilliance {unknown}
 o - a potion of flight {unknown}
 p - a potion of berserk rage {unknown}


   Skills:
 - Level 2.0 Fighting
 + Level 8.8 Ranged Weapons
 - Level 2.0 Dodging
 - Level 1.3 Stealth
 - Level 3.0 Invocations


You had 6 spell levels left.
You didn't know any spells.
Your spell library contained the following spells:

 Spells                   Type           Power      Damage    Failure   Level
 Summon Small Mammal      Summ           0%         N/A       34%         1
 Call Canine Familiar     Summ           0%         N/A       71%         3
 Dazzling Flash           Conj/Hex       0%         N/A       71%         3
 Ozocubu's Armour         Ice            0%         N/A       71%         3
 Summon Guardian Golem    Hex/Summ       0%         N/A       71%         3
 Agony                    Necr           0%         N/A       100%        5
 Silence                  Hex/Air        0%         N/A       100%        5
 Ozocubu's Refrigeration  Ice            0%         4d7       100%        7


Dungeon Overview and Level Annotations

Branches:
Dungeon (5/15) Zot: 24726
 Temple: D:4-7

Altars:
Gozag
Xom
Zin

Annotations:
D:3 2 runed translucent doors, avis's ghost, amateur DgIE
D:5 1 runed translucent door, Crazy Yiuf


Innate Abilities, Weirdness & Mutations

You cannot wear most types of armour.
You are amphibious.
You can wear up to eight rings at the same time.
Your skin changes colour to match your surroundings (Stealth+).
Your rubbery body absorbs attacks. (AC +1, EV +1)
((You are camouflaged when in or above water. (Stealth+)))
You have tentacles for arms and can constrict up to eight enemies at once.


Message History

Fire: a) +0 shortbow
Press: ? - help, Q - select action, (/) - cycle Shift-Dir - straight line, f/p - jelly
Aim: a jelly (heavily wounded, 91% to hit)
You shoot an arrow. The arrow hits the jelly.
The jelly is heavily wounded.
The jelly hits you. The acid corrodes you!
You are splashed with acid!
Fire: a) +0 shortbow
Press: ? - help, Q - select action, (/) - cycle Shift-Dir - straight line, f/p - jelly
Aim: a jelly (heavily wounded, 91% to hit)
You shoot an arrow. The arrow hits the jelly.
The jelly is heavily wounded.
The jelly barely misses you.
Fire: a) +0 shortbow
Press: ? - help, Q - select action, (/) - cycle Shift-Dir - straight line, f/p - jelly
Aim: a jelly (heavily wounded, 91% to hit)
You shoot an arrow. The arrow hits the jelly!
The jelly is severely wounded.
The jelly barely misses you.
Fire: a) +0 shortbow
Press: ? - help, Q - select action, (/) - cycle Shift-Dir - straight line, f/p - jelly
Aim: a jelly (severely wounded, 91% to hit)
You shoot an arrow. The arrow hits the jelly.
The jelly is almost dead.
The orc stops glowing.
The jelly hits you.
You are splashed with acid!
Fire: a) +0 shortbow
Press: ? - help, Q - select action, (/) - cycle Shift-Dir - straight line, f/p - jelly
Aim: a jelly (almost dead, 91% to hit)
You shoot an arrow. The arrow hits the jelly.
The jelly is almost dead.
The jelly hits you. The acid corrodes you!
You are splashed with acid!
* * * LOW HITPOINT WARNING * * *
Fire: a) +0 shortbow
Press: ? - help, Q - select action, (/) - cycle Shift-Dir - straight line, f/p - jelly
Aim: a jelly (almost dead, 91% to hit)
You shoot an arrow. The arrow hits the jelly.
The jelly is almost dead.
The jelly hits you.
* * * LOW HITPOINT WARNING * * *
You are splashed with acid.
You die...

### ##### #.###.#.#########
#................
********#########.###.#..........
,,,,,,,,......oJ@................
****,***####...##.##.##.#########
*,* #...*#.##.##.#
****,******#...*#.#...#.#
,,,,,,,,,,.....*#.#._.#.#*****
,***,,,,,......*#.#...#..,,,,###*
,* *,***#......,..#####..***,#..,
,***,,,,.......,,.#,,,#..***,#.##
,,,,,,,,,,**,,,,,,**,*#...,,,....


You could see a jelly and an orc.

Vanquished Creatures
  A water moccasin (D:5)
  A black bear (D:5)
  2 scorpions
  A howler monkey (D:5)
  2 hounds
  A jelly (D:5)
  An orc priest (D:3)
  An iguana (D:5)
  5 adders
  10 gnolls
  A white imp (D:5)
  An ufetubus (D:5)
  2 worms
  9 orcs
  4 bats
  5 endoplasms
  4 giant cockroaches
  11 goblins
  4 hobgoblins
  7 jackals
  3 quokkas
  3 ball pythons
  2 frilled lizards
  6 kobolds
  6 rats
93 creatures vanquished.

Notes
Turn   | Place    | Note
-------+----------+-------------------------------------------
     0 | D:1      | holysushi the Octopode Hunter began the quest for the Orb.
     0 | D:1      | Reached XP level 1. HP: 14/14 MP: 1/1
   152 | D:1      | Reached XP level 2. HP: 19/19 MP: 2/2
   186 | D:1      | Found a faded altar of an unknown god.
   197 | D:1      | Prayed at the altar of an unknown god.
   197 | D:1      | Became a worshipper of Zin the Law-Giver
   197 | D:1      | Reached * piety under Zin
   745 | D:2      | Reached XP level 3. HP: 24/24 MP: 3/3
   778 | D:2      | Reached ** piety under Zin
   793 | D:2      | Reached skill level 5 in Ranged Weapons
  1475 | D:3      | Reached XP level 4. HP: 29/29 MP: 4/4
  1521 | D:3      | Reached *** piety under Zin
  1626 | D:3      | Found a large runed translucent door.
  1835 | D:3      | Reached skill level 6 in Ranged Weapons
  1888 | D:3      | Found a large runed translucent door.
  1895 | D:3      | Noticed avis's ghost (amateur DgIE)
  2168 | D:3      | Reached XP level 5. HP: 34/34 MP: 5/5
  2398 | D:4      | Reached skill level 1 in Invocations
  3086 | D:4      | Reached XP level 6. HP: 29/39 MP: 7/7
  3376 | D:4      | Reached skill level 7 in Ranged Weapons
  3728 | D:5      | Entered Level 5 of the Dungeon
  3990 | D:5      | Found a shimmering altar of Xom.
  4585 | D:5      | Noticed a black bear
  4622 | D:5      | Killed a black bear
  4623 | D:5      | Reached XP level 7. HP: 45/45 MP: 7/9
  4857 | D:5      | Reached skill level 8 in Ranged Weapons
  4890 | D:5      | Found a runed translucent door.
  4891 | D:5      | Noticed Crazy Yiuf
  4926 | D:5      | Reached **** piety under Zin
  5179 | D:5      | Found an opulent altar of Gozag.
  5211 | D:5      | Splashed by a jelly's acid

Illustrated notes

Levels and vault maps discovered:
D:1:      minmay_arrival_wavy_path, layout_rooms,
          hellmonk_ecumenical_altar_zigzags
D:2:      layout_basic, serial_rivers, chequers_serial_rivers_micro_b,
          chequers_serial_rivers_micro_b, chequers_serial_rivers_micro_c,
          chequers_serial_rivers_micro_d
D:3:      layout_basic, ebering_ghost_disaster_area, hangedman_decor_push
D:4:      layout_basic
D:5:      layout_basic, pdpol_temple_overflow_zin_treasury_gozag_greed,
          mainiacjoe_overflow_catwalk, uniq_crazy_yiuf_cottage

Skill      XL: |  1  2  3  4  5  6  7 |
---------------+----------------------+-----
Ranged Weapons | 5 6 7 8 |  8.8
Invocations    | 2 3 |  3.0
Fighting       | |  2.0
Dodging        | |  2.0
Stealth        | |  1.3

Action                     |  1- 3 |  4- 6 |  7- 9 || total
---------------------------+-------+-------+-------++-------
   Fire: Shortbow          |    95 |   174 |    62 ||   331
 Invoke: Recite            |     2 |    19 |     1 ||    22
         Vitalisation      |       |     1 |     1 ||     2
    Use: Scroll            |       |     5 |     2 ||     7
         Potion            |       |     2 |     1 ||     3
 Armour: Skin              |     3 |     6 |     1 ||    10
  Dodge: Dodged            |    19 |    48 |    22 ||    89

Table legend: (Time is in decaauts)
 A = Elapsed time spent in this place.
 B = Non-inter-level travel time spent in this place.
 C = Inter-level travel time spent in this place.
 D = Time resting spent in this place.
 E = Time spent auto-exploring this place.
 F = Levels seen in this place.
 G = Mean time per level.
                   A        B        C        D        E       F      G
               +--------+--------+--------+--------+--------+-----+--------+
         Total |   5272 |   5057 |    215 |   1325 |   2651 |   5 | 1054.4 |
       Dungeon |   5272 |   5057 |    215 |   1325 |   2651 |   5 | 1054.4 |
               +--------+--------+--------+--------+--------+-----+--------+

Top non-repeatable levels by time:
     D:5: 1490 daAuts
     D:4: 1392 daAuts
     D:3: 1008 daAuts
     D:2: 886 daAuts
     D:1: 494 daAuts
